AoeStats
← TUSHIRO1.2

Black Forest

510240795Analyzed
2v2 RM · 2d ago on Sep 30, 2026· 80m 8s· 4 players
Game mode
Random Map
Map size
Medium (4 player)
Population
200
Speed
Normal
Resources
Standard
Victory
Conquest
Starting age
Dark Age
Ending age
Imperial Age
RankedLock teamsTeams togetherTeam positionsShared explorationLock speedFull tech treeHidden civsTurbo modeCheats
Victory
Defeat
🇰🇬 Sicilians · Kyrgyzstan
1163
+13
🇰🇬 Bohemians · Kyrgyzstan
1093
+16
🇲🇽 Teutons · Mexico
1203
-18
🇲🇽 Mongols · Mexico
1000
-36
Bubble Kg !
2:19 Loom
11:33 Feudal Age
15:57 Castle Age
14:14 Horse Collar
14:21 Double-Bit Axe
16:18 Wheelbarrow
21:43 Heavy Plow
23:19 Stone Mining
23:47 Bow Saw
24:54 Scale Mail Armor
26:02 Forging
28:18 Chain Mail Armor
29:08 First Crusade
29:15 Squires
29:01 Arson
30:54 Iron Casting
30:49 Gold Mining
34:29 Fletching
34:39 Padded Archer Armor
35:01 Murder Holes
35:16 Masonry
35:28 Ballistics
35:27 Hand Cart
38:39 Light Cavalry
39:29 Bloodlines
39:19 Husbandry
40:33 Gold Shaft Mining
39:33 Pikeman
40:05 Gambesons
40:18 Bodkin Arrow
40:39 Leather Archer Armor
40:36 Caravan
41:09 Elite Skirmisher
44:33 Imperial Age
43:38 Scale Barding Armor
47:32 Blast Furnace
47:03 Plate Mail Armor
45:57 Elite Serjeant
46:58 Conscription
46:45 Hauberk
46:06 Halberdier
53:04 Bracer
54:09 Chemistry
52:57 Arrowslits
55:07 Guilds
55:30 Coinage
56:52 Stone Shaft Mining
61:01 Crop Rotation
64:51 Siege Engineers
64:58 Careening
Qenix312
11:14 Feudal Age
15:06 Castle Age
13:27 Double-Bit Axe
16:34 Wheelbarrow
16:22 Bow Saw
15:58 Horse Collar
21:43 Loom
23:25 Hand Cart
22:56 Town Watch
23:35 Hand Cart
23:05 Loom
25:04 Town Patrol
28:54 Imperial Age
26:04 Pikeman
26:45 Squires
27:22 Arson
27:50 Forging
27:41 Scale Mail Armor
28:39 Ballistics
29:21 Iron Casting
29:57 Heavy Plow
30:58 Two-Man Saw
29:32 Halberdier
32:00 Blast Furnace
32:53 Conscription
32:01 Onager
32:09 Man-at-Arms
34:44 Chemistry
33:47 Long Swordsman
34:21 Two-Handed Swordsman
36:00 Chain Mail Armor
35:27 Champion
36:42 Fletching
37:23 Plate Mail Armor
38:31 Bodkin Arrow
38:42 Houfnice
41:12 Wagenburg Tactics
41:31 Caravan
44:48 Siege Engineers
53:46 Guilds
56:21 Bombard Tower
Nyro
11:36 Loom
13:49 Feudal Age
18:23 Castle Age
16:54 Gold Mining
16:46 Horse Collar
16:55 Double-Bit Axe
18:30 Stone Mining
18:54 Forging
18:44 Scale Mail Armor
18:50 Scale Barding Armor
18:48 Scale Mail Armor
21:24 Chain Barding Armor
21:40 Iron Casting
23:11 Chain Mail Armor
24:10 Bloodlines
24:38 Arson
24:53 Squires
25:49 Wheelbarrow
29:58 Bow Saw
29:57 Man-at-Arms
41:31 Heavy Plow
44:52 Imperial Age
43:46 Hand Cart
43:17 Town Watch
43:27 Fletching
45:07 Stone Shaft Mining
45:22 Ironclad
45:07 Cavalier
45:38 Gambesons
47:05 Chemistry
46:25 Ballistics
45:46 Heavy Scorpion
47:46 Siege Engineers
53:58 Conscription
66:46 Caravan
75:15 Onager
TUSHIRO1.2
0:43 Loom
13:13 Feudal Age
18:24 Castle Age
17:53 Double-Bit Axe
27:49 Wheelbarrow
27:03 Town Watch
30:50 Imperial Age
31:28 Hand Cart
31:14 Town Patrol
32:02 Padded Archer Armor
31:53 Fletching
32:43 Bow Saw
32:27 Horse Collar
34:17 Gold Mining
34:47 Stone Mining
35:27 Bodkin Arrow
35:49 Leather Archer Armor
36:37 Bracer
36:58 Husbandry
37:09 Bloodlines
37:24 Elite Mangudai
38:25 Conscription
38:23 Thumb Ring
39:48 Gold Shaft Mining
40:10 Onager
45:18 Ballistics
45:58 Chemistry
44:24 Light Cavalry
45:11 Scale Barding Armor
45:17 Forging
45:07 Hussar
47:12 Chain Barding Armor
47:29 Iron Casting
52:55 Caravan
69:07 Scale Mail Armor
70:21 Squires
69:52 Pikeman
71:14 Chain Mail Armor
74:14 Plate Mail Armor
74:45 Blast Furnace
75:34 Elite Skirmisher
Connection lost

Rejoining the realm…

Still unreachable

The connection could not be restored.

Session expired

The server has moved on; the page needs a fresh start.